 Dungeon Crawl Stone Soup version 0.16-a0-421-gd787d97 (webtiles) character file.

583905 PolkaDot the Imperceptible (level 25, -7/197 HPs)
             Began as a Vampire Enchanter on Sept 13, 2014.
             Was the Champion of Ashenzari.
             Mangled by a vault warden
             ... wielding a +2 war axe of chopping
              (24 damage)
             ... on Level 5 of the Vaults on Sept 15, 2014.
             The game lasted 12:20:43 (99430 turns).

PolkaDot the Imperceptible (Vampire Enchanter)     Turns: 99430, Time: 12:20:43

HP  -7/197       AC 23     Str  9      XL: 25   Next: 46%
MP  21/42        EV 37     Int 27 (29) God: Ashenzari [******]
Gold 6202        SH 10     Dex 27      Spells: 14 memorised,  0 levels left

rFire  + + .     SeeInvis +     a - +9 dagger (venom) (curse)
rCold  + + .     Clarity  +     S - +3 leather armour {rF+} (curse)
rNeg   + + +     rCorr    .     g - +2 buckler {AC+3} (curse)
rPois  +         rRot     +     P - +2 helmet (curse)
rElec  +         Spirit   .     B - +2 cloak of the Thief {+Fog Slay-2 SInv Stlth+}
SustAb .         Warding  .     L - +2 pair of gloves "Okiak" {+Inv rN+}
rMut   +         Stasis   .     j - +2 pair of boots (curse)
Gourm  .                        Y - cursed amulet "Bantad" {rMut Dex+5}
MR     ++...                    C - cursed ring of the Thirteen Cities {Int+3 Regen}
                                i - cursed ring of Shoiro Weno {+Fly Dex+4 Int+3}

@: darkness, bloodless, non-regenerating, studying Evocations, deflect missiles,
very resistant to hostile enchantments, uncannily stealthy
A: bottle blood, fangs 3, repulsion field 1, thin skeletal structure 1, yellow
scales 1, see invisible, clarity, fire resistance 1, poison resistance,
electricity resistance, strong 1, unbreathing
a: Bat Form, Bottle Blood, Scrying, Transfer Knowledge, Renounce Religion, Evoke
Fog, Evoke Invisibility, Evoke Flight
}: 4/15 runes: decaying, slimy, abyssal, gossamer


You were on level 5 of the Vaults.
You worshipped Ashenzari.
Ashenzari was exalted by your worship.
You were bloodless.

You visited 10 branches of the dungeon, and saw 57 of its levels.
You visited Pandemonium 2 times, and saw 15 of its levels.
You visited the Abyss 2 times.
You visited 1 Ziggurat, and saw 9 of its levels.
You also visited: Trove and Ice Cave.

You collected 8150 gold pieces.
You spent 1948 gold pieces at shops.

Inventory:

Hand weapons
 a - a cursed +9 dagger of venom (weapon)
 h - a cursed +5 quick blade
Missiles
 o - 4 throwing nets (quivered)
Armour
 g - a cursed +2 buckler of protection (worn)
 j - a cursed +2 pair of boots (worn)
 B - the cursed +2 cloak of the Thief (worn) {+Fog Slay-2 SInv Stlth+}
   (You found it on level 1 of the Depths)

   It affects your accuracy and damage with ranged weapons and melee attacks
   (-2).
   It enhances your eyesight.
   It can be evoked to emit clouds of fog.
   It makes you more stealthy.
   It has a curse placed upon it.
 L - the cursed +2 pair of gloves "Okiak" (worn) {+Inv rN+}
   (You acquired it in an ice cave)

   It protects you from negative energy.
   It lets you turn invisible.
   It has a curse placed upon it.
 P - a cursed +2 helmet (worn)
 S - a cursed +3 leather armour of fire resistance (worn)
Magical devices
 c - a wand of paralysis (18)
 e - a wand of draining (4)
 k - a wand of polymorph (18)
 p - a wand of fire (8)
 x - a wand of heal wounds (3)
 A - a wand of disintegration (12)
 I - a wand of cold (3)
 Q - a wand of fireball (5)
 R - a wand of digging (3)
Scrolls
 m - 11 scrolls of amnesia
 s - 5 scrolls of fog
 t - 16 scrolls of identify
 u - a scroll of curse armour
 y - 15 scrolls of remove curse
 z - a scroll of torment
 D - 5 scrolls of fear
 G - 3 scrolls of summoning
 H - 4 scrolls of silence
 M - 2 scrolls of vulnerability
 N - 10 scrolls of magic mapping
 U - 3 scrolls of immolation
 V - a scroll of enchant armour
 W - a scroll of curse weapon
Jewellery
 i - the cursed ring of Shoiro Weno (left hand) {+Fly Dex+4 Int+3}
   (You took it off a deep elf sorcerer on level 3 of the Elven Halls)

   [ring of flight]

   It affects your intelligence (+3).
   It affects your dexterity (+4).
   It lets you fly.
   It has a curse placed upon it.
 C - the cursed ring of the Thirteen Cities (right hand) {Int+3 Regen}
   (You found it on level 4 of the Vaults)

   [ring of regeneration]

   It affects your intelligence (+3).
   It increases your rate of regeneration.
   It has a curse placed upon it.
 Y - the cursed amulet "Bantad" (around neck) {rMut Dex+5}
   (You bought it in a shop on level 4 of the Orcish Mines)

   [amulet of resist mutation]

   It protects you from mutation.
   It affects your dexterity (+5).
   It has a curse placed upon it.
Potions
 b - 2 potions of resistance
 d - 10 potions of brilliance
 l - a potion of agility
 v - a potion of magic
 w - 3 potions of cancellation
 F - 16 potions of curing
 J - 2 potions of heal wounds
 K - 6 potions of restore abilities
 O - a potion of flight
 T - 2 potions of might
Books
 q - a book of Dreams

   Spells                             Type                      Level
   *Ensorcelled Hibernation           Hexes/Ice                    2
   *Flight                            Charms/Air                   3
   Phase Shift                        Translocation                5
   Shadow Creatures                   Summoning                    5
   *Mass Confusion                    Hexes                        6
   *Darkness                          Hexes                        7
 E - a book of Maledictions

   Spells                             Type                      Level
   *Corona                            Hexes                        1
   *Sure Blade                        Hexes/Charms                 2
   *Ensorcelled Hibernation           Hexes/Ice                    2
   Confuse                            Hexes                        3
   Dazzling Spray                     Conjuration/Hexes            3
   *Enslavement                       Hexes                        4
 X - a manual of Evocations
 Z - a book of Death

   Spells                             Type                      Level
   Corpse Rot                         Necromancy                   2
   Sublimation of Blood               Necromancy                   2
   Agony                              Necromancy                   5
   Dispel Undead                      Necromancy                   5
   Excruciating Wounds                Charms/Necromancy            5
   Bolt of Draining                   Conjuration/Necromancy       5
Miscellaneous
 n - a phial of floods
 r - a crystal ball of energy


   Skills:
 - Level 16.1 Fighting
 - Level 16.5(20.3) Short Blades
 - Level 0.4 Throwing
 + Level 18.2(21.9) Dodging
 - Level 24.2(27) Stealth
 - Level 5.0(8.0) Shields
 * Level 15.2 Spellcasting
 - Level 23.8(27) Hexes
 - Level 12.1(16.2) Charms
 - Level 3.0(6.9) Translocations
 - Level 6.7(11.2) Transmutations
 - Level 1.2(3.9) Ice Magic
 - Level 3.0(6.8) Air Magic
 - Level 15.0(19.0) Evocations


You couldn't memorise any spells.
You knew the following spells:

 Your Spells              Type           Power        Failure   Level  Hunger
a - Corona                Hex            #######      0%          1    None
b - Sure Blade            Hex/Chrm       #######...   0%          2    None
d - Ensorcelled Hibernat  Hex/Ice        ######       0%          2    None
e - Enslavement           Hex            ########     0%          4    None
p - Passwall              Trmt/Erth      ######....   1%          3    None
q - Blink                 Tloc           N/A          1%          2    None
v - Summon Mana Viper     Hex/Summ       #######.     1%          5    None
A - Apportation           Tloc           ######....   1%          1    None
C - Mass Confusion        Hex            ########..   0%          6    ####...
D - Deflect Missiles      Chrm/Air       ######....   4%          6    ####...
F - Flight                Chrm/Air       ######....   1%          3    None
H - Haste                 Chrm           #######.     1%          6    ####...
I - Invisibility          Hex            ########     0%          6    ####...
S - Darkness              Hex            ########..   1%          7    #####..


Dungeon Overview and Level Annotations

Branches:
Dungeon (15/15)            Temple (1/1) D:5             Orc (4/4) D:9
    Elf (3/3) Orc:3          Lair (8/8) D:9           Swamp (5/5) Lair:4
 Spider (5/5) Lair:3        Slime (6/6) Lair:7       Vaults (5/5) D:13
  Crypt (0/3) Vaults:2     Depths (5/5) D:15
    Zot: Depths:5

Altars:
Ashenzari
Cheibriados
Dithmenos
Elyvilon
Fedhas
Gozag
Kikubaaqudgha
Makhleb
Nemelex Xobeh
Okawaru
Qazlal
Sif Muna
Trog
Vehumet
Xom
Yredelemnul
Zin
The Shining One
Beogh
Jiyva

Shops:
D:5 (   D:10 [   Orc:1 (   Orc:3 =   Orc:4 =(}:   Elf:1 =   Elf:2 ([   Elf:3 *
Vaults:1 !   Vaults:4 =

Portals:
Hell: Depths:1 Depths:2 Depths:3 Depths:4
Abyss: Depths:3 Depths:4
Pandemonium: Depths:3
Ziggurat: Depths:2

Annotations:
D:8 exclusion: 2 oklob saplings
Orc:1 Dowan, Duvessa
Lair:1 exclusions: ice statue and 2 oklob plants
Vaults:5 Mara, Mennas


Innate Abilities, Weirdness & Mutations

You do not heal naturally.
You can bottle blood from corpses.
You have razor-sharp teeth.
You have supernaturally acute eyesight.
You can survive without breathing.
You are surrounded by a mild repulsion field (EV +2).
You have a somewhat thin skeletal structure (Dex +2, Stealth).
You are partially covered in yellow scales (AC +2).
You possess an exceptional clarity of mind.
Your flesh is heat resistant.
Your system is resistant to poisons.
You are resistant to electric shocks.
Your muscles are strong. (Str +2)


Message History

The cursed +2 pair of gloves "Okiak" {+Inv rN+} unmelds from your body.
Your cursed +2 pair of boots unmelds from your body.
Your cursed +2 buckler of protection unmelds from your body.
Your cursed +3 leather armour of fire resistance unmelds from your body.
The cursed ring of Shoiro Weno {+Fly Dex+4 Int+3} unmelds from your body.
The cursed ring of the Thirteen Cities {Int+3 Regen} unmelds from your body.
It begins to drip with poison!
You feel protected.
You feel resistant to fire.
Oops, that ring feels deathly cold.
i - the cursed ring of Shoiro Weno (left hand) {+Fly Dex+4 Int+3} Oops, that ring feels deathly cold.
C - the cursed ring of the Thirteen Cities (right hand) {Int+3 Regen} The quicksilver dragon completely misses you.
The quicksilver dragon claws you.
* * * LOW HITPOINT WARNING * * *
The deep elf annihilator completely misses you.
The tengu reaver hits you but does no damage.
The shadow dragon closely misses you. You block the shadow dragon's attack.
You block the shadow dragon's attack.
The vault warden hits you with a war axe of chopping!!
You die...

#################################
..............pp@e...............
{..............sDD...........(...
################Qp......#########
...,,,,,,,{,,..c.....p.....,* **,
{#,*,***,*,*,###.#Q...##....***,,
{#,*,{∆,,*∆*{,)..#*...#*#...#*,,,
{#.#{***,*,*,*##.#{...# *#..#,,,,
.{...,,,,,,,,,,..#{...#***#..,,,,
.###.*,*,***,*,#?#....#,,,,.,****


You could see a shadow dragon, a quicksilver dragon, 2 vault wardens, 2 tengu
reavers, a yaktaur captain, a vault guard, a deep elf annihilator, a wolf spider
and a vault sentinel.

Vanquished Creatures
  the royal jelly (Slime:6)
  A pandemonium lord (Pan)
  5 golden dragons
  A bone dragon (Zig:7)
  Nikola (Depths:1)
  A Brimstone Fiend (Pan)
  2 liches
  A hellephant (Abyss:3)
  Asterion (Swamp:2)
  3 tentacled monstrosities
  4 titans
  An Ice Fiend (Pan)
  A deep elf master archer (Elf:3)
  A deep elf blademaster (Elf:3)
  9 acid blobs (Slime:6)
  2 sphinxes
  A storm dragon (Depths:5)
  3 warmongers (Pan)
  A thorn hunter (Swamp:3)
  Rupert (Swamp:2)
  Kirke (D:15)
  3 Executioners
  A daeva (Zig:7)
  A tengu reaver (Depths:3)
  11 azure jellies
  6 frost giants
  A draconian scorcher (Zig:4)
  Wiglaf (Elf:2)
  2 ghost moths
  3 deep elf sorcerers
  7 emperor scorpions
  3 black suns (Pan)
  9 vault wardens
  An orc warlord (Elf:1)
  Louise (Elf:1)
  10 fire giants
  An iron dragon (Depths:4)
  3 draconian knights
  3 balrugs (Pan)
  A cacodemon (Pan)
  An angel (Pan)
  A draconian annihilator (Zig:4)
  6 blood saints (Pan)
  Jorgrun (Elf:2)
  7 very ugly things
  5 deep elf demonologists (Elf:3)
  A vampire knight (Zig:6)
  A draconian shifter (Zig:5)
  20 stone giants
  2 draconian callers
  3 reapers (Pan)
  9 dire elephants
  An apis (Pan)
  A lorocyproca (Pan)
  Azrael (Elf:1)
  A yellow draconian (Zig:2)
  8 deep elf annihilators (Elf:3)
  A red draconian (shapeshifter) (Depths:4)
  2 white draconians
  A mottled draconian (Depths:5)
  An eidolon (Zig:6)
  A green death (Pan)
  14 vault guards
  Snorg (Lair:5)
  3 minotaurs
  4 blizzard demons (Pan)
  8 chaos champions (Pan)
  The ghost of Oper80 the Basher, a powerful OgHu of Zin (D:10)
  3 death oozes (Slime:6)
  4 deep elf death magi
  13 fire dragons
  2 deep elf high priests
  6 ettins
  12 ice dragons
  10 yaktaur captains
  Fannar (Lair:5)
  8 great orbs of eyes
  2 rakshasas
  11 ironheart preservers
  Harold (Lair:3)
  16 monstrous demonspawn (Pan)
  13 centaur warriors
  A ravenous item mimic (Depths:5)
  5 shambling mangroves
  A ghost crab (shapeshifter) (Depths:4)
  22 hydras
  11 deep troll earth magi
  A ghost crab (Zig:6)
  16 ogre magi
  Erica (Lair:8)
  4 spriggan air magi
  A ravenous feature mimic (Depths:1)
  17 death yaks
  9 alligators
  9 deep troll shamans
  An orc high priest (Elf:1)
  2 vampire magi
  3 spriggan berserkers
  Urug (D:11)
  A catoblepas (D:15)
  4 spriggans
  Nergalle (D:15)
  5 soul eaters
  8 sun demons
  19 deep elf knights
  4 iron trolls
  A fire crab (Vaults:1)
  5 hell knights
  A shadow demon (Pan)
  16 skeletal warriors
  15 gelid demonspawn (Pan)
  14 infernal demonspawn (Pan)
  25 deep trolls
  An ice devil (Pan)
  10 large abominations
  3 wizards
  11 swamp dragons
  3 flayed ghosts
  3 putrid demonspawn (Pan)
  A sea snake (shapeshifter) (Vaults:3)
  4 orb spiders
  An ice statue (Elf:3)
  13 deep elf summoners
  A hellion (Pan)
  2 lindwurms (Lair:8)
  13 orc knights
  An unseen horror (shapeshifter) (Elf:1)
  9 hill giants
  21 torturous demonspawn (Pan)
  An anaconda skeleton (Abyss:1)
  3 giant orange brains
  A faun (shapeshifter) (Depths:5)
  3 unseen horrors
  22 deep elf conjurers
  5 orc sorcerers
  12 ironbrand convokers
  2 shining eyes
  11 red wasps
  A fire giant zombie (Depths:1)
  7 griffons
  8 harpies
  5 necromancers
  A phantasmal warrior (Zig:6)
  7 cyclopes
  A human zombie (Vaults:2)
  A sphinx skeleton (Depths:1)
  A stone giant zombie (Depths:5)
  6 black mambas
  31 ugly things
  2 raiju
  15 wolf spiders
  A centaur zombie (Vaults:3)
  A manticore (Depths:3)
  An elephant (shapeshifter) (Depths:2)
  6 elephants (Lair:7)
  2 moths of wrath
  5 oklob plants (Zig:8)
  A worldbinder (Depths:5)
  20 sixfirhies
  18 smoke demons (Pan)
  Maurice (D:8)
  A stone giant skeleton (Depths:1)
  2 eyes of devastation
  9 iron devils (Pan)
  18 vault sentinels
  3 black mambas (shapeshifter)
  A salamander (Depths:4)
  2 torpor snails
  A naga mage (Depths:5)
  3 gargoyles
  46 yaktaurs
  Psyche (D:8)
  An item mimic (Lair:8)
  23 orange demons (Pan)
  2 efreet
  22 spiny frogs
  7 komodo dragons
  4 kobold demonologists
  A spiny frog (shapeshifter) (Vaults:2)
  8 fire drakes
  10 red devils (Pan)
  4 wandering mushrooms (D:8)
  13 deep elf priests
  3 demonic crawlers
  A golden dragon simulacrum (Depths:2)
  19 hellwings
  2 blue devils (Pan)
  A guardian mummy (Depths:3)
  A merfolk (shapeshifter) (Depths:3)
  11 giant leeches
  An ancient zyme (Abyss:3)
  A silent spectre (Zig:6)
  A queen bee (shapeshifter) (Vaults:2)
  15 jumping spiders
  9 trolls
  22 ravens
  31 two-headed ogres
  5 freezing wraiths
  7 polar bears
  57 slime creatures
  21 blink frogs
  9 baby alligators
  6 bog bodies
  3 blink frogs (shapeshifter)
  4 snapping turtles (D:8)
  9 boulder beetles
  8 ynoxinuls (Pan)
  3 basilisks
  5 trapdoor spiders
  19 redbacks
  A trapdoor spider zombie (D:14)
  An ice dragon skeleton (D:15)
  3 fire elementals (Elf:1)
  10 tarantellas
  A tarantella (shapeshifter) (Elf:2)
  A hill giant zombie (D:8)
  37 deep elf magi
  5 wyverns
  3 shadows
  26 vampire mosquitoes
  55 deep elf fighters
  16 wolves
  A vampire (Vaults:2)
  64 yaks
  6 neqoxecs
  3 wraiths
  10 hogs
  9 hell beasts
  2 hungry ghosts (D:14)
  A golden eye (Slime:6)
  A golden eye (shapeshifter) (Elf:3)
  A hill giant skeleton (D:7)
  8 hippogriffs
  18 water moccasins
  29 swamp worms
  A chaos spawn (Pan)
  2 mottled dragons
  12 wargs
  2 soldier ants
  A necrophage (D:10)
  42 orc warriors
  A spriggan simulacrum (Depths:1)
  6 hell hounds
  19 porcupines
  A deep dwarf (shapeshifter) (Vaults:3)
  31 ice beasts
  19 swamp drakes
  4 spiders
  31 boggarts
  16 centaurs
  8 yellow wasps
  7 black bears
  An ice beast (shapeshifter) (Depths:1)
  5 sky beasts
  2 phantoms
  2 manticore skeletons
  61 ogres
  3 brain worms (Lair:8)
  2 boring beetles
  16 crocodiles
  A human skeleton (Vaults:2)
  4 big kobolds
  18 giant frogs
  A cyclops zombie (D:11)
  6 eyes of draining
  17 insubstantial wisps
  9 scorpions
  An eye of draining (shapeshifter) (Elf:3)
  15 electric eels
  8 wights
  A hippogriff skeleton (D:6)
  A troll skeleton (D:9)
  3 human simulacra (Vaults:1)
  7 crimson imps
  3 goliath beetles (D:6)
  22 orc priests
  13 jellies
  28 orc wizards
  8 iguanas
  An elf skeleton (D:11)
  2 quasits
  A yaktaur simulacrum (Vaults:1)
  A centaur skeleton (D:4)
  28 hounds
  2 two-headed ogre zombies (Depths:1)
  6 orange rats
  23 sheep
  3 ogre zombies
  10 worker ants
  A hound skeleton (D:4)
  A mummy (D:7)
  A worker ant zombie (D:9)
  25 adders
  A mottled dragon simulacrum (D:14)
  A scorpion zombie (D:7)
  63 green rats
  2 orc skeletons
  3 white imps
  4 shadow imps
  17 worms
  3 ufetubi (Pan)
  2 orc zombies
  2 adder zombies
  8 giant geckos
  3 oozes (Lair:7)
  139 orcs
  13 bats
  A bat skeleton (D:6)
  4 giant cockroaches
  17 goblins
  19 hobgoblins
  12 jackals
  20 kobolds
  8 quokkas
  A ball python (D:7)
  7 giant newts
  A giant newt zombie (D:5)
  A hobgoblin skeleton (D:3)
  A kobold skeleton (D:5)
  22 rats
  4 ballistomycetes (D:6)
  A fungus (Elf:3)
  2 plants
2557 creatures vanquished.

Vanquished Creatures (collateral kills)
  Margery (Depths:5)
  Frederick (Depths:5)
  A deep elf blademaster (Elf:3)
  A lich (Depths:4)
  A deep elf master archer (Elf:3)
  A tentacled starspawn (Zig:7)
  A storm dragon (Depths:4)
  A warmonger (Pan)
  2 Executioners (Pan)
  An azure jelly (Slime:2)
  3 deep elf sorcerers (Elf:3)
  3 fire giants
  2 frost giants
  3 balrugs
  2 cacodemons (Pan)
  3 spriggan defenders (Depths:4)
  4 rakshasas
  A vampire knight (Depths:4)
  3 deep elf annihilators (Elf:3)
  2 deep elf death magi (Elf:3)
  A black sun (Pan)
  2 deep elf high priests (Elf:3)
  5 great orbs of eyes
  2 yaktaur captains
  A centaur warrior (D:14)
  A monstrous demonspawn (Pan)
  3 deep troll shamans
  A deep troll earth mage (Depths:3)
  2 guardian serpents
  A thrashing horror (Zig:7)
  A spriggan berserker (Depths:4)
  4 soul eaters (Pan)
  2 sun demons (Pan)
  A catoblepas (Depths:5)
  A wretched star (Zig:9)
  A deep elf knight (Vaults:3)
  A hell knight (Depths:3)
  An orb spider (Spider:1)
  7 large abominations
  A spriggan druid (Swamp:3)
  8 deep trolls
  2 necromancers
  An ice statue (Zig:7)
  A hellion (Pan)
  2 torturous demonspawn (Pan)
  A hill giant (D:14)
  A putrid demonspawn (Pan)
  A shining eye (Slime:6)
  2 deep elf conjurers
  A worldbinder (Depths:5)
  A sixfirhy (Pan)
  A smoke demon (Pan)
  An orange demon (Pan)
  4 yaktaurs
  6 demonic crawlers
  A fire drake (shapeshifter) (Depths:4)
  An ancient zyme (Zig:7)
  A troll (Orc:4)
  3 red devils (Pan)
  A two-headed ogre (Orc:4)
  A hellwing (Pan)
  A raven (Swamp:3)
  3 slime creatures (Swamp:3)
  3 spriggans
  A tarantella (Spider:5)
  2 air elementals (Depths:5)
  2 ynoxinuls (Pan)
  3 neqoxecs (Pan)
  A wraith (Zig:6)
  A deep elf fighter (Vaults:2)
  5 vampire mosquitoes
  A small abomination (Zig:9)
  An orc warrior (Elf:1)
  3 boggarts
  A swamp drake (Swamp:5)
  A phantom (D:8)
  3 centaurs (D:14)
  3 yellow wasps
  8 insubstantial wisps (Swamp:5)
  A crimson imp (Pan)
  An orc priest (Depths:5)
  A quasit (Pan)
  A jelly (Slime:2)
  2 shadow imps (Pan)
  10 ufetubi (Pan)
  3 orcs
  3 bats (D:8)
  2 bat zombies
  A quokka (D:8)
  A giant spore (D:6)
  2 goblins (Zig:8)
  A crawling corpse (Depths:5)
189 creatures vanquished.

Vanquished Creatures (others)
  A vault guard (Vaults:5)
  A deep troll shaman (Depths:5)
  An orc high priest (Zig:8)
  A deep elf knight (Elf:2)
  57 mana vipers
  A water elemental (Zig:9)
  An orange demon (Pan)
  A troll (Orc:4)
  2 deep elf magi
  5 humans (D:15)
  2 wargs (Zig:8)
  A deep elf fighter (Vaults:3)
  An ogre (Vaults:1)
  A boggart (Depths:1)
  3 lost souls
  A scorpion (D:14)
  A crimson imp (Abyss:2)
  An orc priest (D:15)
  An orc wizard (Vaults:3)
  A shadow imp (D:14)
  An ufetubus (Pan)
  2 orcs
  2 hobgoblins (Zig:8)
  A giant newt (D:2)
  A lurking horror (Zig:9)
  25 fungi
  29 plants
  2 starspawn tentacles (Zig:7)
  3 starspawn tentacle segments (Zig:7)
150 creatures vanquished.

Grand Total: 2896 creatures vanquished

Notes
Turn   | Place    | Note
--------------------------------------------------------------
     0 | D:1      | PolkaDot, the Vampire Enchanter, began the quest for the Orb.
     0 | D:1      | Reached XP level 1. HP: 13/13 MP: 3/3
   112 | D:1      | Reached XP level 2. HP: 17/19 MP: 4/4
   116 | D:1      | Learned a level 2 spell: Ensorcelled Hibernation
   292 | D:1      | Reached skill level 1 in Ice Magic
   446 | D:1      | Reached skill level 5 in Hexes
   765 | D:2      | Reached XP level 3. HP: 24/24 MP: 6/6
   770 | D:2      | Learned a level 3 spell: Confuse
   851 | D:2      | Found a stormy altar of Qazlal.
   904 | D:2      | Found a snail-covered altar of Cheibriados.
  1175 | D:2      | Found a deep blue altar of Sif Muna.
  1313 | D:3      | Found a white marble altar of Elyvilon.
  1332 | D:3      | Reached skill level 5 in Stealth
  1443 | D:3      | Reached XP level 4. HP: 28/30 MP: 0/7
  2380 | D:4      | Found a burning altar of Makhleb.
  2381 | D:4      | Noticed a balrug
  2399 | D:4      | Reached skill level 6 in Hexes
  2589 | D:4      | Reached XP level 5. HP: 28/35 MP: 5/9
  2818 | D:4      | Noticed a phantom
  2916 | D:4      | Killed a phantom
  2916 | D:4      | Reached skill level 7 in Hexes
  3027 | D:4      | Reached XP level 6. HP: 29/41 MP: 10/10
  3674 | D:4      | Reached skill level 8 in Hexes
  3685 | D:4      | Gained mutation: You are resistant to electric shocks. [potion of mutation]
  3685 | D:4      | Gained mutation: You evolve. [potion of mutation]
  3685 | D:4      | Gained mutation: You rapidly evolve. [potion of mutation]
  3897 | D:5      | Entered Level 5 of the Dungeon
  4564 | D:5      | Reached XP level 7. HP: 46/46 MP: 7/12
  4953 | D:5      | Identified a scroll of acquirement
  4966 | D:5      | Found a radiant altar of Vehumet.
  5227 | D:4      | Reached skill level 9 in Hexes
  5356 | D:5      | Found a staircase to the Ecumenical Temple.
  5380 | Temple   | Entered the Ecumenical Temple
  5492 | Temple   | Became a worshipper of Ashenzari the Shackled
  5588 | D:5      | Found a glowing golden altar of the Shining One.
  5749 | D:5      | Found Doruyff's Weapon Shoppe.
  5787 | D:5      | Reached skill level 1 in Shields
  6316 | D:5      | Reached skill level 10 in Hexes
  6501 | D:6      | Reached XP level 8. HP: 52/52 MP: 13/13
  6507 | D:6      | Learned a level 4 spell: Enslavement
  6931 | D:6      | Found an opulent altar of Gozag.
  7284 | D:6      | Reached skill level 11 in Hexes
  7377 | D:6      | Gained mutation: You have a somewhat thin skeletal structure (Dex +2, Stealth). [evolution]
  8286 | D:6      | Found a bloodstained altar of Trog.
  8588 | D:7      | Found a shadowy altar of Dithmenos.
  8695 | D:7      | Reached skill level 10 in Stealth
  8695 | D:7      | Reached XP level 9. HP: 57/57 MP: 6/14
  8863 | D:7      | Reached skill level 5 in Shields
  9029 | D:7      | Reached skill level 12 in Hexes
  9057 | D:7      | Found a glowing silver altar of Zin.
  9518 | D:7      | Learned a level 2 spell: Sure Blade
  9534 | D:7      | Gained mutation: Your muscles are strong. (Str +2) [evolution]
  9641 | D:8      | Found a glowing golden altar of the Shining One.
  9701 | D:8      | Reached skill level 5 in Short Blades
  9884 | D:8      | Noticed Maurice
 10000 | D:8      | Killed Maurice
 10000 | D:8      | Reached skill level 13 in Hexes
 10265 | D:8      | Reached XP level 10. HP: 46/63 MP: 16/16
 10268 | D:8      | Found a blossoming altar of Fedhas.
 10434 | D:8      | Reached skill level 14 in Hexes
 10559 | D:8      | Noticed Psyche
 10562 | D:8      | Killed Psyche
 10950 | D:8      | Gained mutation: You are surrounded by a mild repulsion field (EV +2). [evolution]
 11334 | D:8      | Reached skill level 15 in Hexes
 11728 | D:9      | Found a shimmering altar of Xom.
 11728 | D:9      | Found a shimmering altar of Xom.
 11908 | D:9      | Found a shimmering altar of Xom.
 11916 | D:9      | Found a sparkling altar of Nemelex Xobeh.
 12262 | D:9      | Gained mutation: You have large cloven feet. [evolution]
 12716 | D:9      | Reached XP level 11. HP: 65/68 MP: 14/17
 12796 | D:9      | Reached skill level 16 in Hexes
 12802 | D:9      | Found a staircase to the Lair.
 13472 | D:9      | Found a roughly hewn altar of Beogh.
 13474 | D:9      | Found a staircase to the Orcish Mines.
 13775 | D:9      | Found a radiant altar of Vehumet.
 13913 | D:9      | Found a shimmering altar of Xom.
 13920 | D:9      | Found a shimmering altar of Xom.
 14150 | Lair:1   | Entered Level 1 of the Lair of Beasts
 14195 | Lair:1   | Reached skill level 17 in Hexes
 14383 | Lair:1   | Acquired Ashenzari's first power
 14821 | Lair:1   | Gained mutation: You possess an exceptional clarity of mind. [evolution]
 15274 | Lair:1   | Noticed an ice dragon
 15275 | Lair:1   | Identified the cursed +2 morningstar "Heketz" {venom, Int+3}
 15311 | Lair:1   | Killed an ice dragon
 15355 | Lair:1   | Noticed an ice statue
 15959 | Lair:1   | Reached skill level 18 in Hexes
 16238 | Lair:2   | Reached XP level 12. HP: 74/74 MP: 18/18
 16290 | Lair:2   | Reached skill level 15 in Stealth
 16359 | Lair:2   | Identified the +2 leather armour "Strioc" {Str+3 Dex+3}
 16410 | Lair:2   | Acquired Ashenzari's second power
 16848 | Lair:3   | Found a hole to the Spider Nest.
 16942 | Lair:3   | Found a frozen archway.
 16952 | IceCv    | Entered an ice cave
 17025 | IceCv    | Got the cursed pair of gloves "Okiak" {+Inv rN+}
 17031 | IceCv    | Identified the cursed +2 pair of gloves "Okiak" {+Inv rN+} (You acquired it in an ice cave)
 17083 | Lair:3   | Reached skill level 1 in Evocations
 17237 | Lair:3   | Noticed Harold
 17244 | Lair:3   | Acquired Ashenzari's third power
 17250 | Lair:3   | Killed Harold
 17828 | Lair:3   | Identified the cursed +5 ring mail "Pnumirro" {Str+2 Stlth--}
 18075 | Lair:4   | Found a blossoming altar of Fedhas.
 18115 | Lair:4   | Found a staircase to the Swamp.
 18185 | Lair:4   | Reached skill level 19 in Hexes
 18200 | Lair:4   | Reached skill level 5 in Evocations
 19276 | Lair:5   | Noticed Snorg
 19283 | Lair:5   | Killed Snorg
 19529 | Lair:5   | Noticed Fannar
 19549 | Lair:5   | Killed Fannar
 19733 | Lair:5   | Reached XP level 13. HP: 79/79 MP: 21/23
 20084 | Lair:5   | Gained mutation: Your mind is acute. (Int +2) [evolution]
 21083 | Lair:6   | Acquired Ashenzari's fourth power
 21196 | Lair:7   | Found a staircase to the Slime Pits.
 22753 | Lair:7   | Reached skill level 20 in Hexes
 23203 | Lair:7   | Lost mutation: Your mind is acute. (Int +2) [evolution]
 23203 | Lair:7   | Lost mutation: You rapidly evolve. [end of evolution]
 23260 | Lair:8   | Entered Level 8 of the Lair of Beasts
 23275 | Lair:8   | Noticed Erica
 23301 | Lair:8   | Killed Erica
 23750 | Lair:8   | Reached skill level 10 in Evocations
 24224 | Lair:8   | Identified a +5 rod of destruction (9/9)
 24230 | Lair:8   | Reached XP level 14. HP: 85/85 MP: 27/27
 26003 | Lair:8   | Reached skill level 10 in Short Blades
 26558 | Swamp:1  | Entered Level 1 of the Swamp
 26734 | Swamp:1  | Reached skill level 21 in Hexes
 26892 | Swamp:1  | Gained mutation: You are partially covered in yellow scales (AC +2). [potion of beneficial mutation]
 27943 | Swamp:2  | Learned a level 5 spell: Summon Mana Viper
 28719 | Swamp:2  | Noticed Rupert
 28767 | Swamp:2  | Killed Rupert
 28915 | Swamp:2  | Noticed Asterion
 28927 | Swamp:2  | Noticed a spectral weapon
 28935 | Swamp:2  | Killed Asterion
 29260 | Swamp:2  | Reached XP level 15. HP: 90/90 MP: 26/29
 29314 | Swamp:2  | Reached skill level 22 in Hexes
 30396 | Swamp:3  | Noticed a thorn hunter
 30405 | Swamp:3  | Killed a thorn hunter
 30527 | Swamp:3  | Identified the Tome of Displaced Ice
 30565 | Swamp:3  | Gained mutation: Your mind is acute. (Int +2) [evolution]
 30892 | Swamp:3  | Found a glowing silver altar of Zin.
 30968 | Swamp:3  | Learned a level 1 spell: Apportation
 31026 | Swamp:5  | Entered Level 5 of the Swamp
 31259 | Swamp:4  | Reached skill level 1 in Translocations
 32710 | Swamp:4  | Reached skill level 23 in Hexes
 34096 | Swamp:5  | Got a decaying rune of Zot
 34241 | Swamp:5  | Reached XP level 16. HP: 96/96 MP: 3/29
 34400 | Swamp:5  | Reached skill level 1 in Charms
 34509 | Swamp:5  | Lost mutation: Your mind is acute. (Int +2) [evolution]
 35573 | Spider:1 | Entered Level 1 of the Spider Nest
 36379 | Spider:4 | Reached skill level 5 in Charms
 36382 | Spider:5 | Entered Level 5 of the Spider Nest
 37517 | Spider:5 | Got a gossamer rune of Zot
 38366 | Lair:3   | Lost mutation: You have large cloven feet. [evolution]
 38995 | D:10     | Entered Level 10 of the Dungeon
 39499 | D:10     | Noticed Oper80's ghost (powerful OgHu)
 39511 | D:10     | Killed Oper80's ghost
 39743 | D:10     | Found Klaara's Armour Shoppe.
 39806 | D:10     | Bought a +2 leather armour of fire resistance for 266 gold pieces
 40982 | D:11     | Found a burning altar of Makhleb.
 41049 | D:11     | Noticed Urug
 41053 | D:11     | Killed Urug
 42806 | D:13     | Found a glowing golden altar of the Shining One.
 42878 | D:13     | Reached XP level 17. HP: 101/101 MP: 30/30
 43053 | D:13     | Found a gate to the Vaults.
 43722 | D:14     | Reached skill level 10 in Charms
 44931 | D:15     | Entered Level 15 of the Dungeon
 45258 | D:15     | Noticed Nergalle
 45284 | D:15     | Killed Nergalle
 45365 | D:15     | Found a radiant altar of Vehumet.
 45455 | D:15     | Noticed Kirke
 45459 | D:15     | Killed Kirke
 45632 | D:15     | Gained mutation: Your system is resistant to poisons. [evolution]
 46916 | D:15     | Found a staircase to the Depths.
 46930 | D:15     | Learned a level 2 spell: Repel Missiles
 47199 | Orc:1    | Entered Level 1 of the Orcish Mines
 47199 | Orc:1    | Noticed Duvessa
 47199 | Orc:1    | Noticed Dowan
 47209 | Orc:1    | Found Qawi's Antique Weapon Shoppe.
 48052 | Orc:4    | Entered Level 4 of the Orcish Mines
 48059 | Orc:4    | Found Quevysm's Gadget Emporium.
 48529 | Orc:4    | Found Xiarhar's Book Shoppe.
 48538 | Orc:4    | Found Midaq's Weapon Shop.
 48539 | Orc:4    | Bought a book of Burglary for 1050 gold pieces
 48549 | Orc:4    | Found Xepn's Jewellery Shoppe.
 48587 | Orc:4    | Bought the amulet "Bantad" {rMut Dex+5} for 632 gold pieces
 48627 | Orc:3    | Gained mutation: Your body is slowly deteriorating. [mutagenic glow]
 49286 | Depths:1 | Entered Level 1 of the Depths
 49860 | Depths:1 | Noticed Nikola
 50085 | Depths:1 | Killed Nikola
 50085 | Depths:1 | Identified the cursed -1 pair of gloves "Thiqoen" {rElec rC+ Str+2} (You took it off Nikola on level 1 of the Depths)
 50444 | Depths:1 | Learned a level 3 spell: Passwall
 50614 | Depths:1 | Reached skill level 5 in Spellcasting
 51386 | Orc:3    | Found Oqaomaig's Jewellery Shop.
 51411 | Orc:3    | Found a bloodstained altar of Trog.
 51413 | Orc:3    | Found a staircase to the Elven Halls.
 51417 | Orc:3    | Lost mutation: Your body is slowly deteriorating. [evolution]
 51422 | Elf:1    | Entered Level 1 of the Elven Halls
 51761 | Elf:1    | Found a roughly hewn altar of Beogh.
 51777 | Elf:1    | Reached skill level 1 in Transmutations
 51914 | Elf:1    | Found Schues' Jewellery Emporium.
 52020 | Elf:1    | Noticed Azrael
 52026 | Elf:1    | Killed Azrael
 52552 | Elf:1    | Noticed Louise
 52561 | Elf:1    | Killed Louise
 52989 | Elf:1    | Reached XP level 18. HP: 107/107 MP: 31/31
 53506 | Elf:1    | Learned a level 7 spell: Darkness
 53901 | Elf:2    | Noticed Wiglaf
 53910 | Elf:2    | Killed Wiglaf
 54252 | Elf:2    | Found Cian's Armour Shoppe.
 55058 | Elf:2    | Found Calol's Weapon Shop.
 55464 | Elf:2    | Noticed Jorgrun
 55468 | Elf:2    | Killed Jorgrun
 55627 | Elf:3    | Entered Level 3 of the Elven Halls
 56277 | Elf:3    | Reached skill level 5 in Transmutations
 56668 | Elf:3    | Found Nybliyth's Assorted Antiques.
 57709 | Elf:3    | Reached skill level 24 in Stealth
 58311 | Elf:3    | Identified the ring "Oschasm" {rN+ Str+4 Int-3} (You took it off a deep elf death mage on level 3 of the Elven Halls)
 58708 | Elf:3    | Identified the +4 greatsling "Cuqeogan" {speed, rElec rPois}
 58792 | Elf:3    | Reached skill level 10 in Spellcasting
 58816 | Elf:3    | Identified the ring of Shoiro Weno {+Fly Dex+4 Int+3} (You took it off a deep elf sorcerer on level 3 of the Elven Halls)
 58855 | Elf:3    | Reached skill level 1 in Fighting
 59306 | Elf:3    | Learned a level 6 spell: Haste
 59340 | Elf:3    | Identified the +1 ring mail "Ynwuit" {rC+ rN+ MR++ SInv} (You took it off a deep elf master archer on level 3 of the Elven Halls)
 59351 | Elf:3    | Identified the cursed +3 flail "Teskubb" {freeze, rF- rN+} (You took it off a deep elf annihilator on level 3 of the Elven Halls)
 59565 | Elf:3    | Identified the -11 plate armour of Imperfection {Str-4 Int+3}
 60878 | Depths:1 | Reached XP level 19. HP: 119/119 MP: 28/35
 61644 | Depths:1 | Found a gateway to Hell.
 62103 | Depths:1 | Reached skill level 5 in Dodging
 62287 | Depths:1 | Learned a level 2 spell: Blink
 62734 | Depths:3 | Identified the ring of Lady Luck {rC- Str+3 SInv}
 62988 | Depths:2 | Reached skill level 5 in Fighting
 63204 | Depths:2 | Found a gateway to a ziggurat.
 63279 | Depths:3 | Found a one-way gate to the infinite horrors of the Abyss.
 63391 | Depths:3 | Found a one-way gate leading to the halls of Pandemonium.
 63428 | Depths:3 | Noticed a golden dragon
 63834 | Depths:3 | Found a portal to a secret trove of treasure.
 64835 | Depths:3 | Killed a golden dragon
 66228 | Depths:3 | Reached XP level 20. HP: 135/141 MP: 11/37
 67139 | Depths:5 | Entered Level 5 of the Depths
 67139 | Depths:5 | Noticed a golden dragon
 67155 | Depths:4 | Killed a golden dragon
 67155 | Depths:4 | Reached skill level 10 in Dodging
 67670 | Depths:4 | Noticed a golden dragon
 68123 | Depths:2 | Noticed a golden dragon
 68123 | Depths:2 | Killed a golden dragon
 68441 | Depths:2 | Noticed a golden dragon
 68441 | Depths:2 | Killed a golden dragon
 68441 | Depths:2 | Reached skill level 10 in Fighting
 69091 | Depths:2 | Identified the ring "Molop" {rElec rC+ rN+ Stlth+}
 69901 | Depths:3 | Voluntarily entered the Abyss.
 69933 | Abyss:1  | Identified Stie's Reference Book on Envenoming and the Voyage
 70391 | Abyss:2  | Found a corrupted altar of Lugonu.
 70442 | Abyss:3  | Found a glowing golden altar of the Shining One.
 70580 | Abyss:3  | Got an abyssal rune of Zot
 70695 | Abyss:3  | Found a shimmering altar of Xom.
 70696 | Abyss:3  | Found a shimmering altar of Xom.
 70696 | Abyss:3  | Found a shimmering altar of Xom.
 70696 | Abyss:3  | Found a corrupted altar of Lugonu.
 70697 | Abyss:3  | Found a shimmering altar of Xom.
 70697 | Abyss:3  | Found a shimmering altar of Xom.
 70699 | Depths:3 | Escaped the Abyss
 70766 | Depths:3 | Upgraded the game from 0.16-a0-390-gb1c4911 to 0.16-a0-393-g278d215
 70837 | Depths:3 | You paid a toll of 6 potions of haste to enter a treasure trove
 70838 | Trove    | Entered a treasure trove
 70849 | Trove    | Identified the +2 whip "Giew" {elec, rF++ rC+ Int+3 Stlth+}
 70877 | Trove    | Identified the cursed +8 dagger of Thaxtuc {stab, *Tele +Blink +Inv rF++}
 70885 | Trove    | Identified the +6 morningstar "Praecw" {elec, +Blink +Inv +Fly Dex+3}
 71131 | Vaults:1 | Entered Level 1 of the Vaults
 71136 | Vaults:1 | Gained mutation: Your flesh is heat resistant. [evolution]
 71720 | Vaults:1 | Identified the +1 hand axe of the Clouds {drain, rElec rF- Int-2 SInv}
 72035 | Vaults:1 | Found Ziunud's Distillery.
 72143 | Vaults:1 | Identified the cursed +1 leather armour "Onai" {rPois rN+}
 72198 | Vaults:1 | Identified the +4 arbalest "Teurots" {venom, rElec rF+}
 72993 | Vaults:1 | Reached XP level 21. HP: 156/156 MP: 18/38
 73352 | Vaults:1 | Paralysed by a wizard for 7 turns
 73727 | Vaults:2 | Learned a level 6 spell: Invisibility
 74256 | Vaults:2 | Found a staircase to the Crypt.
 77204 | Vaults:3 | Identified the cursed +2 halberd of Forgiveness {elec, Contam +Fly rPois rC+}
 77407 | Vaults:3 | Found an iron altar of Okawaru.
 78389 | Vaults:3 | Lost mutation: You evolve. [evolution]
 78930 | Slime:1  | Entered Level 1 of the Pits of Slime
 79158 | Slime:6  | Entered Level 6 of the Pits of Slime
 79876 | Slime:6  | Noticed the royal jelly
 79877 | Slime:6  | Found a viscous altar of Jiyva.
 80199 | Slime:6  | Killed the royal jelly
 80199 | Slime:6  | Reached skill level 15 in Dodging
 80199 | Slime:6  | Reached XP level 22. HP: 153/169 MP: 28/40
 80200 | Slime:6  | Identified the ring of Prualiud {Str+4 Dex+4 Int+3}
 80200 | Slime:6  | Identified the cursed -5 pair of boots "Kasiss" {+Fly rN+}
 80259 | Slime:6  | Identified Sophisticated Spellweaving
 80601 | Slime:6  | Identified the Collected Works on Torrid Augmentations
 80619 | Slime:6  | Identified Cigotuvi's Volume of Transmutation
 80647 | Slime:6  | Got a slimy rune of Zot
 81563 | Vaults:4 | Found Monoutz's Jewellery Emporium.
 81585 | Vaults:4 | Learned a level 6 spell: Deflect Missiles
 81840 | Vaults:4 | Reached skill level 1 in Air Magic
 81844 | Vaults:4 | Identified the +7 hunting sling of the Boar {flame, Dex+1 Int+1}
 81878 | Vaults:4 | Identified the +8 short sword of a wizard's laboratory {slice, Int+3}
 82230 | Vaults:4 | Identified the ring of the Thirteen Cities {Int+3 Regen}
 83434 | Pan      | Entered Pandemonium
 84033 | Pan      | Noticed Trimm the pandemonium lord
 84181 | Pan      | Identified the +2 robe of Ameu {Str+4 Int+4}
 84181 | Pan      | Killed Trimm the pandemonium lord
 84402 | Pan      | Found an exit through the horrors of the Abyss.
 85659 | Pan      | Identified the cursed +3 quarterstaff of the Kidney {drain, rF+}
 85928 | Pan      | Found an exit through the horrors of the Abyss.
 86282 | Pan      | Identified the +5 hunting sling "Blaem" {velocity, +Inv rC+ SInv} (You took it off an infernal demonspawn in Pandemonium)
 87342 | Pan      | Reached skill level 15 in Short Blades
 88255 | Pan      | Found a gateway to a ziggurat.
 88272 | Pan      | Reached XP level 23. HP: 142/178 MP: 20/40
 89007 | Pan      | Found an exit through the horrors of the Abyss.
 90054 | Pan      | Noticed Zaaficw the pandemonium lord
 90497 | Zig:1    | Entered Level 1 of a ziggurat
 90512 | Zig:2    | Entered Level 2 of a ziggurat
 90534 | Zig:3    | Entered Level 3 of a ziggurat
 90563 | Zig:4    | Entered Level 4 of a ziggurat
 90680 | Zig:4    | Identified Ucucvioq's Incunabulum of Aerial Attacks
 90687 | Zig:4    | Reached skill level 15 in Fighting
 90687 | Zig:4    | Reached XP level 24. HP: 185/188 MP: 41/41
 90803 | Zig:5    | Entered Level 5 of a ziggurat
 90828 | Zig:5    | Identified the Incunabulum of Orientation
 90846 | Zig:6    | Entered Level 6 of a ziggurat
 91217 | Zig:7    | Entered Level 7 of a ziggurat
 91225 | Zig:7    | Identified the +9 mace of the Equator {venom, +Rage Int+4}
 91810 | Zig:8    | Entered Level 8 of a ziggurat
 91829 | Zig:8    | Identified the cursed +3 great sword "Taytuahe" {slice, rC- MR++ Dex+2}
 91829 | Zig:8    | Identified the +6 spear of Liotischoir {pierce, rC+ Dex+1 Stlth+}
 91839 | Zig:8    | Identified the cursed +1 robe "Puynaquv" {Stlth+}
 92100 | Zig:9    | Entered Level 9 of a ziggurat
 92137 | Zig:9    | Paralysed by accursed screaming for 1 turns
 92158 | Zig:9    | Paralysed by accursed screaming for 1 turns
 92161 | Zig:9    | Paralysed by accursed screaming for 1 turns
 92588 | Pan      | Noticed Pettatz the pandemonium lord
 92844 | Pan      | Learned a level 3 spell: Flight
 92851 | Pan      | Found a white marble altar of Elyvilon.
 93267 | Pan      | Identified a +2 rod of the swarm (12/12)
 93319 | Pan      | Found an exit through the horrors of the Abyss.
 93327 | Pan      | Upgraded the game from 0.16-a0-393-g278d215 to 0.16-a0-421-gd787d97
 93655 | Pan      | Found an exit through the horrors of the Abyss.
 94130 | Pan      | Noticed Zacaung the pandemonium lord
 94243 | Pan      | Found an exit through the horrors of the Abyss.
 94250 | Pan      | Took an exit into the Abyss.
 94250 | Abyss:1  | Escaped into the Abyss
 94250 | Abyss:1  | Found a corrupted altar of Lugonu.
 94322 | Depths:3 | Escaped the Abyss
 94756 | Pan      | Entered Pandemonium
 94805 | Pan      | Noticed Qazxi the pandemonium lord
 94872 | Depths:3 | Escaped Pandemonium
 95512 | Depths:4 | Identified the +6 scale mail of Tuzeuff {rF+ rC+ SInv} (You took it off a spriggan on level 4 of the Depths)
 95786 | Depths:4 | Reached XP level 25. HP: 183/197 MP: 28/41
 96023 | Depths:4 | Killed a golden dragon
 96023 | Depths:4 | Reached skill level 15 in Evocations
 96872 | Depths:5 | Noticed Frederick
 96884 | Depths:5 | Killed Frederick
 96892 | Depths:5 | Noticed Margery
 96907 | Depths:5 | Killed Margery
 97892 | Depths:5 | Identified the Guide on the Entourage (You found it on level 5 of the Depths)
 98460 | Vaults:4 | Reached skill level 15 in Spellcasting
 98630 | Vaults:4 | Learned a level 6 spell: Mass Confusion
 99164 | Vaults:5 | Entered Level 5 of the Vaults
 99213 | Vaults:5 | Noticed an ancient lich
 99213 | Vaults:5 | Noticed Mennas
 99362 | Vaults:5 | Noticed an ancient lich
 99391 | Vaults:5 | Noticed Mara
 99430 | Vaults:5 | Mangled by a vault warden

Action                   |  1- 3 |  4- 6 |  7- 9 | 10-12 | 13-15 | 16-18 | 19-21 | 22-24 | 25-27 || total
-------------------------+-------+-------+-------+-------+-------+-------+-------+-------+-------++-------
Melee: Dagger            |    74 |   128 |   278 |   759 |   997 |  1296 |  1177 |  1533 |   458 ||  6700
       Unarmed           |       |       |       |       |       |       |       |       |     1 ||     1
Throw: Throwing net      |       |       |     3 |       |       |       |       |       |       ||     3
 Cast: Ensorcelled Hiber |    15 |    44 |    89 |   163 |   231 |   151 |   124 |    78 |     8 ||   903
       Corona            |     1 |     3 |     7 |    17 |    19 |    32 |     5 |     9 |       ||    93
       Confuse           |       |     7 |     9 |    41 |     5 |    39 |    59 |   123 |    19 ||   302
       Enslavement       |       |       |     3 |    15 |    13 |    29 |    24 |    45 |    34 ||   163
       Sure Blade        |       |       |       |     1 |    24 |       |       |     1 |       ||    26
       Summon Mana Viper |       |       |       |       |    16 |    57 |    42 |   114 |    30 ||   259
       Apportation       |       |       |       |       |     1 |    50 |     7 |    16 |     1 ||    75
       Passwall          |       |       |       |       |       |    16 |    62 |    45 |       ||   123
       Repel Missiles    |       |       |       |       |       |     5 |     3 |       |       ||     8
       Darkness          |       |       |       |       |       |     9 |    29 |    21 |     4 ||    63
       Deflect Missiles  |       |       |       |       |       |       |       |     2 |     2 ||     4
       Haste             |       |       |       |       |       |       |       |     2 |       ||     2
       Flight            |       |       |       |       |       |       |       |     1 |       ||     1
       Mass Confusion    |       |       |       |       |       |       |       |       |     4 ||     4
Invok: Scrying           |       |       |       |       |       |     3 |    13 |     8 |       ||    24
 Abil: End Transformatio |       |       |       |     1 |     2 |       |     3 |     2 |     2 ||    10
       Bat Form          |       |       |       |     1 |     2 |       |     3 |     2 |     2 ||    10
       Evoke Invisibilit |       |       |       |     7 |    40 |    86 |    58 |    43 |     4 ||   238
       Turn Visible      |       |       |       |     3 |    27 |    58 |    37 |    24 |     1 ||   150
       Evoke Fog         |       |       |       |       |       |       |    10 |     3 |     1 ||    14
       Evoke Flight      |       |       |       |       |       |       |    24 |     5 |       ||    29
       Stop Flying       |       |       |       |       |       |       |     3 |     3 |       ||     6
       Bottle Blood      |       |       |       |       |       |       |       |    20 |     1 ||    21
Evoke: Wand              |       |     1 |       |    34 |    15 |    14 |     3 |    34 |       ||   101
       Crystal ball of e |       |       |       |       |       |       |       |     9 |     9 ||    18
       Phial of floods   |       |       |       |       |       |       |       |     1 |       ||     1
  Use: Scroll            |       |    11 |    13 |    21 |    16 |    26 |     5 |    37 |     7 ||   136
       Potion            |       |     6 |     1 |     4 |     2 |     5 |     3 |    26 |     9 ||    56
 Stab: Sleeping          |    22 |    33 |    81 |   167 |   288 |   326 |   266 |    88 |     5 ||  1276
       Distracted        |     1 |       |     3 |     3 |     9 |    22 |    31 |    60 |    23 ||   152
       Confused          |       |     4 |     7 |    23 |     4 |    25 |    34 |    73 |    22 ||   192
       Betrayed ally     |       |       |       |     2 |     2 |     1 |     2 |     4 |     3 ||    14
       Invisible         |       |       |       |     2 |    69 |   121 |   106 |   148 |    16 ||   462
       Paralysed         |       |       |       |       |       |       |       |     2 |       ||     2
       Petrifying        |       |       |       |       |       |       |       |       |     1 ||     1
  Eat: Corpse            |       |     1 |       |     1 |     1 |     7 |     1 |     8 |       ||    19
